 Dungeon Crawl Stone Soup version 0.16.1-11-g651b585 (webtiles) character file.

62 Chiseanne the Ducker (level 3, 0/17 HPs)
             Began as a Felid Monk on Apr 8, 2015.
             Was a Believer of Vehumet.
             Slain by an orc priest
             ... wielding a +0 trident
              (7 damage)
             ... on level 3 of the Dungeon.
             The game lasted 00:06:38 (1543 turns).

Chiseanne the Ducker (Felid Monk)                   Turns: 1543, Time: 00:06:38

Health: 0/17       AC:  3    Str:  6    XL:     3   Next: 85%
Magic:  5/5        EV: 20    Int: 11    God:    Vehumet [**....]
Gold:   106        SH:  0    Dex: 16    Spells: 1 memorised, 1 level left
                                        Lives:  0   Deaths: 1

rFire  . . .     SeeInvis +       - Unarmed
rCold  . . .     Clarity  .     (armour unavailable)
rNeg   . . .     SustAb   .     (shield unavailable)
rPois  .         Gourm    .     (helmet unavailable)
rElec  .         Spirit   .     (cloak unavailable)
rCorr  .         Warding  .     (gloves unavailable)
rMut   .         Stasis   .     (boots unavailable)
MR     .....                    (no amulet)
Stlth  +++.......               (no ring)
                                (no ring)

@: quick, not resistant to hostile enchantments, fairly stealthy
A: paw claws, no armour, no weapons or thrown items, antennae 1, fangs 3, yellow
scales 1, see invisible, carnivore 3, clumsy 1, speed 1, shaggy fur 1, slow
metabolism 1, spit poison 1, weak 1, placid magic 1, sharp paws
a: Spit Poison, Renounce Religion


You were on level 3 of the Dungeon.
You worshipped Vehumet.
Vehumet was pleased with you.
You were very full.

You visited 1 branch of the dungeon, and saw 3 of its levels.

You collected 106 gold pieces.

Inventory:

Jewellery
 a - an uncursed amulet of stasis
Potions
 c - a potion of haste
 e - a potion of resistance
 f - a potion of curing {unknown}
Comestibles
 b - a meat ration
 d - a slice of pizza


   Skills:
 * Level 3.6 Fighting
 * Level 5.0 Dodging
 - Level 3.3 Stealth
 - Level 4.6 Unarmed Combat
 * Level 0.1 Spellcasting
 * Level 0.6 Conjurations


You had one spell level left.
You knew the following spells:

 Your Spells              Type           Power        Failure   Level  Hunger
a - Sting                 Conj/Pois      #...         21%         1    ##.....


Dungeon Overview and Level Annotations

Branches:
Dungeon (3/15)

Altars:
Vehumet
Yredelemnul


Innate Abilities, Weirdness & Mutations

You cannot wear armour.
You are incapable of wielding weapons or throwing items.
You have razor-sharp teeth.
You have supernaturally acute eyesight.
You are carnivorous and can eat meat at any time.
You cover ground quickly.
You are covered in fur (AC +1).
You have a slow metabolism.
Your paws have sharp claws that are effective at stabbing.
You have a pair of small antennae on your head.
You are partially covered in yellow scales (AC +2).
You are clumsy. (Dex -2)
You can spit poison.
You are weak. (Str -2)
Your spells are a little easier to cast, but a little less powerful.


Message History

The orc priest completely misses you.
You barely miss the orc priest.
You bite the orc priest, but do no damage.
The orc priest is moderately wounded.
You scratch the orc priest but do no damage.
You bite the orc priest, but do no damage.
The orc priest is moderately wounded.
The orc priest hits you but does no damage.
You scratch the orc priest.
The orc priest is severely wounded.
The orc priest hits you with a trident!
Ouch! That really hurt!
You scratch the orc priest.
The orc priest is almost dead.
The orc priest mumbles some strange prayers to Beogh.
You feel a wave of unholy energy pass over you.
You barely miss the orc priest.
The orc priest is almost dead.
The orc priest hits you with a trident!
You die...

#........#
#######.#....o##
#.......#.....#
#.......#..o.o#
#.............#
#.......#รท...o####
#.......####.....#
#.......# #####o#
#.......# #@#
........# #.#
........# #<#
.####### ###


You could see an orc priest (bleeding).

Vanquished Creatures
  Natasha (D:3)
  An adder (D:2)
  A white imp (D:3)
  3 worms (D:2)
  A giant gecko (D:1)
  2 orcs
  A ball python (D:2)
  5 giant cockroaches
  9 goblins
  3 hobgoblins
  8 jackals
  6 bats
  2 giant newts (D:2)
  4 kobolds
47 creatures vanquished.

Notes
Turn   | Place    | Note
--------------------------------------------------------------
     0 | D:1      | Chiseanne, the Felid Monk, began the quest for the Orb.
     0 | D:1      | Reached XP level 1. HP: 10/10 MP: 2/2
   154 | D:1      | Reached XP level 2. HP: 14/14 MP: 3/3
   629 | D:2      | Reached XP level 3. HP: 17/17 MP: 5/5
   638 | D:2      | Found a basalt altar of Yredelemnul.
   673 | D:2      | Found a radiant altar of Vehumet.
   681 | D:2      | Became a worshipper of Vehumet
   681 | D:2      | Acquired Vehumet's first power
   681 | D:2      | Offered knowledge of Sting by Vehumet.
   684 | D:2      | Learned a level 1 spell: Sting
   919 | D:2      | Offered knowledge of Searing Ray by Vehumet.
   942 | D:2      | Gained mutation: Your spells are a little easier to cast, but a little less powerful. [potion of mutation]
   942 | D:2      | Gained mutation: You have a pair of small antennae on your head. [potion of mutation]
   942 | D:2      | Gained mutation: You can spit poison. [potion of mutation]
  1097 | D:2      | Gained mutation: You are weak. (Str -2) [potion of mutation]
  1097 | D:2      | Gained mutation: You are clumsy. (Dex -2) [potion of mutation]
  1097 | D:2      | Gained mutation: You are partially covered in yellow scales (AC +2). [potion of mutation]
  1138 | D:3      | Reached XP level 4. HP: 21/21 MP: 7/7
  1140 | D:3      | Noticed Natasha
  1170 | D:3      | HP: 1/21 [Natasha/magic dart (10)]
  1171 | D:3      | Mangled by Natasha
  1172 | D:3      | Reached XP level 3. HP: -7/17 MP: 5/5
  1179 | D:3      | Killed Natasha
  1317 | D:2      | Reached skill level 5 in Dodging
  1543 | D:3      | Slain by an orc priest

Action                   |  1- 3 |  4- 6 || total
-------------------------+-------+-------++-------
Melee: Unarmed           |   106 |    25 ||   131
 Cast: Sting             |     5 |       ||     5
  Use: Scroll            |     5 |       ||     5
       Potion            |     2 |       ||     2
 Stab: Sleeping          |     5 |       ||     5
  Eat: Chunk             |    14 |       ||    14
